Map: Ever Dream LE

Players

prospeKt - Winner!

  • Race: Zerg Zerg
  • League: Platinum
  • Spawn Location: 1:00

Goauld

  • Race: Protoss Protoss
  • League: Platinum
  • Spawn Location: 7:00

VOD

Have the link to the VOD?

Description

Time

  • Played on: June 12, 2020, 11:32 a.m.
  • Length: 7:58
Show
View Real Time Build Order
Export as new Build Order

prospeKt Zerg - Winner!

Build Orders: Hatch First 

Get SALT Encoding   

  12  0:00  Drone  
  13  0:13  Overlord  
  13  0:25  Drone  
  14  0:32  Drone x2  
  16  0:35  Drone  
  17  0:52  Hatchery  
  16  0:58  Drone  
  16  1:01  Drone  
  18  1:13  Spawning Pool  
  18  1:16  Drone  
  18  1:19  Drone  
  19  1:29  Drone  
  19  1:31  Extractor  
  19  1:42  Drone  
  20  1:53  Overlord  
  20  2:02  Drone  
  20  2:04  Queen x2  
  20  2:05  Drone  
  26  2:16  Drone  
  26  2:21  Drone  
  28  2:26  Drone x2  
  30  2:36  Drone x2  
  32  2:40  Queen  
  34  2:45  Lair  
  34  2:48  Zergling x4  
  36  2:57  Overlord x2  
  36  3:15  Drone x2  
  38  3:29  Drone x6  
  44  3:34  Spore Crawler  
  44  3:37  Spore Crawler  
  44  3:40  Drone  
  43  3:45  Roach Warren  
  42  3:53  Drone x2  
  42  3:54  Overlord x2  
  44  4:16  Drone x6  
  50  4:20  Extractor  
  50  4:21  Evolution Chamber, Extractor  
  47  4:27  Glial Reconstitution, Roach x4  
  55  4:39  Roach x2  
  55  4:40  Overlord x2  
  60  4:45  Drone  
  60  4:51  Zerg Missile Weapons Level 1  
  60  4:57  Overlord  
  60  5:03  Queen  
  62  5:14  Hatchery, Roach x2  
  61  5:17  Drone  
  61  5:18  Drone x6  
  71  5:42  Hydralisk Den  
  70  5:43  Evolution Chamber, Extractor  
  70  5:44  Drone x4  
  73  6:01  Spore Crawler  
  73  6:03  Spore Crawler  
  69  6:14  Hydralisk x7  
  69  6:17  Overlord x2  
  82  6:22  Queen  
  82  6:30  Hydralisk  
  82  6:34  Overlord x2  
  82  6:59  Hydralisk x6  
  82  7:01  Hatchery  
  93  7:03  Hatchery  
  92  7:10  Drone  
  92  7:11  Queen  
  92  7:12  Queen  
  97  7:32  Drone  
  97  7:33  Drone x3  
Show
View Real Time Build Order
Export as new Build Order

Goauld Protoss 

Build Orders: 1 Gate Expand, Phoenix Opening 

Get SALT Encoding   

  12  0:01  Probe  
  13  0:13  Probe  
  14  0:19  Pylon  
  14  0:25  Probe  
  15  0:37  Probe  
  15  0:39  Gateway  
  16  0:45  Probe  
  16  0:46  Assimilator  
  17  0:53  Probe  
  17  1:03  Probe  
  19  1:15  Probe  
  20  1:29  Nexus  
  20  1:39  Cybernetics Core  
  20  1:43  Probe  
  21  1:51  Assimilator  
  21  1:55  Probe  
  21  1:59  Pylon  
  22  2:08  Probe  
  23  2:15  Stalker  
  23  2:27  Stargate  
  25  2:32  Warp Gate  
  25  2:35  Probe  
  25  2:38  Probe  
  25  2:43  Probe  
  27  2:46  Probe  
  27  2:48  Adept  
  31  2:55  Probe  
  31  2:58  Pylon, Probe  
  32  3:03  Phoenix  
  33  3:07  Probe  
  36  3:13  Probe  
  37  3:21  Void Ray  
  37  3:24  Probe  
  37  3:25  Probe  
  43  3:42  Shield Battery  
  43  3:43  Pylon  
  43  3:45  Probe, Shield Battery  
  44  3:49  Probe  
  45  3:58  Probe  
  45  4:00  Void Ray  
  45  4:01  Probe  
  51  4:10  Probe  
  51  4:13  Probe  
  53  4:22  Probe  
  54  4:25  Probe  
  54  4:26  Assimilator  
  54  4:28  Assimilator  
  54  4:29  Pylon  
  55  4:34  Probe  
  56  4:40  Zealot  
  56  4:41  Void Ray  
  56  4:42  Twilight Council  
  62  4:47  Probe x2  
  62  4:50  Pylon  
  64  4:57  Robotics Facility  
  64  4:59  Probe x2  
  66  5:11  Probe x2  
  68  5:23  Probe  
  69  5:30  Charge  
  69  5:32  Pylon, Probe  
  69  5:35  Probe  
  69  5:41  Nexus  
  70  5:43  Pylon  
  70  5:46  Assimilator  
  70  5:48  Probe x2  
  72  5:50  Assimilator  
  72  6:00  Probe  
  72  6:01  Probe  
  74  6:13  Probe x2  
  76  6:25  Probe x2  
  78  6:38  Probe x2, Immortal  
  68  6:50  Templar Archives  
  72  6:54  Gateway  
  72  6:57  Gateway  
  72  6:58  Probe  
  72  6:59  Probe, Gateway  
  72  7:00  Zealot  
  74  7:01  Gateway  
  74  7:02  Probe  
  74  7:04  Gateway x2  
  74  7:06  Gateway  
  74  7:07  Probe  
  77  7:08  Immortal, Gateway  
  77  7:11  Gateway  
  77  7:14  Pylon, Probe  
  79  7:21  Robotics Bay  
  83  7:24  Pylon  
  83  7:26  Pylon x2  
  83  7:28  Pylon  
  83  7:35  Zealot  
  85  7:43  Pylon  
  83  7:44  Pylon  
  83  7:46  Pylon  
  83  7:49  Zealot  
  81  7:55  Zealot x2  
  81  7:56  Zealot  
Tags
 
Add a new tag
Caveats
  • Supply blocks, unpowered buildings, or Contaminate may cause inaccurate times.
  • Supply counts are checked every 10 seconds.